AoeStats
← CamiloCor

African Clearing

510855458Analyzed
3v3 RM · 17h ago on Oct 2, 2026· 39m 17s· 6 players
Game mode
Random Map
Map size
Normal (6 player)
Population
200
Speed
Normal
Resources
Standard
Victory
Conquest
Starting age
Dark Age
Ending age
Imperial Age
RankedLock teamsTeams togetherTeam positionsShared explorationLock speedFull tech treeHidden civsTurbo modeCheats
Victory
Defeat
🇨🇴 Huns · Colombia
1066
+17
🇫🇷 Magyars · France
1063
+17
🇬🇧 Danes · United Kingdom
1021
+19
🇨🇴 Japanese · Colombia
1119
-19
🇨🇴 Spanish · Colombia
1066
-17
🇨🇴 Huns · Colombia
1064
-17
Alcaz
9:45 Loom
13:22 Feudal Age
14:01 Town Watch
14:03 Double-Bit Axe
14:22 Horse Collar
18:52 Wheelbarrow
21:43 Castle Age
21:13 Scale Barding Armor
21:20 Bloodlines
23:33 Chain Barding Armor
25:33 Hand Cart
31:32 Heavy Plow
31:45 Bow Saw
31:29 Gold Mining
33:40 Husbandry
33:58 Corvinian Army
39:13 Imperial Age
37:52 Town Patrol
39:25 Gold Shaft Mining
38:41 Stone Mining
DentedOrca58204
12:21 Feudal Age
12:50 Man-at-Arms
13:16 Arson
13:27 Loom
20:37 Castle Age
18:55 Double-Bit Axe
27:47 Squires
27:49 Scale Mail Armor
27:59 Forging
32:27 Horse Collar
38:00 Imperial Age
36:15 Chain Mail Armor
37:17 Heavy Plow
38:01 Gold Mining
39:39 Wheelbarrow
38:49 Town Watch
40:09 Conscription
39:13 Elite Jomsviking
briantorresr25
4:18 Loom
14:24 Feudal Age
15:16 Man-at-Arms
20:15 Scale Mail Armor
21:43 Forging
35:05 Castle Age
37:45 Double-Bit Axe
37:46 Horse Collar
39:21 Padded Archer Armor
39:12 Fletching
lachanda420
6:26 Loom
14:42 Feudal Age
14:44 Man-at-Arms
24:41 Scale Mail Armor
24:52 Forging
30:44 Wheelbarrow
33:03 Castle Age
33:45 Long Swordsman
34:15 Gambesons
CamiloCor
10:40 Loom
13:22 Feudal Age
16:09 Bloodlines
16:42 Double-Bit Axe
19:44 Forging
28:33 Castle Age
28:18 Wheelbarrow
27:36 Gold Mining
27:35 Horse Collar
29:03 Scale Mail Armor
28:38 Pikeman
Huesofeo
6:20 Loom
15:01 Feudal Age
16:56 Wheelbarrow
19:26 Man-at-Arms
22:30 Fletching
24:28 Horse Collar
25:50 Padded Archer Armor
30:02 Castle Age
30:15 Pikeman
Connection lost

Rejoining the realm…

Still unreachable

The connection could not be restored.

Session expired

The server has moved on; the page needs a fresh start.